 Dungeon Crawl Stone Soup version 0.14-a0-1863-gcc20582 (webtiles) character file.

1880 Kae the Martial Artist (level 8, -1/59 HPs)
             Began as a White Draconian Transmuter on Jan 13, 2014.
             Was an Initiate of Sif Muna.
             Slain by Duvessa
             ... wielding a +1,+0 elven cutlass
              (15 damage)
             ... on Level 7 of the Dungeon.
             The game lasted 00:09:49 (7490 turns).

Kae the Martial Artist (White Draconian Transmuter) Turns: 7490, Time: 00:09:50

HP  -1/59        AC  7     Str 13      XL: 8   Next: 73%
MP  13/13        EV 12     Int 13      God: Sif Muna [......]
Gold 175         SH  0     Dex 14      Spells:  1 memorised, 10 levels left

rFire  . . .     SeeInvis .       - Unarmed
rCold  + . .     Clarity  .     (armour unavailable)
rNeg   . . .     Conserve .     (no shield)
rPois  .         rCorr    .     (helmet restricted)
rElec  .         rRot     .     (no cloak)
SustAb . .       Spirit   .     (no gloves)
rMut   .         Warding  .     K - +0 pair of boots
Saprov . . .     Stasis   .     (no amulet)
MR     .....                    (no ring)
                                (no ring)

@: appendage (expiring), not resistant to hostile enchantments, unstealthy
A: breathe frost, unfitting armour, horns 2, cold resistance 1, AC +6
a: Breathe Frost, End Transformation, Renounce Religion


You were on level 7 of the Dungeon.
You worshipped Sif Muna.
Sif Muna was noncommittal.
You were not hungry.
You had grown temporary horns.
You visited 2 branches of the dungeon, and saw 8 of its levels.

You collected 370 gold pieces.
You spent 195 gold pieces at shops.

Inventory:

Missiles
 b - 71 arrows
 o - 6 silver tomahawks (quivered)
 v - 13 arrows of frost
 C - 12 arrows of flame
Armour
 K - a +0 pair of boots (worn)
Magical devices
 F - a wand of flame (10) {unknown}
Comestibles
 a - 5 bread rations
 i - 3 apples
 u - 2 pears
 x - 3 chokos
 D - a meat ration
 M - a rotting chunk of elf flesh
Scrolls
 c - 3 scrolls of remove curse {unknown}
 f - 2 scrolls of teleportation
 g - 2 scrolls of random uselessness {unknown}
 j - 7 scrolls of identify {unknown}
 k - 2 scrolls of recharging {unknown}
 p - 3 scrolls of immolation {unknown}
 q - a scroll of fog {unknown}
 r - 4 scrolls of enchant weapon II {unknown}
 s - 2 scrolls of noise {unknown}
 t - 2 scrolls of curse weapon {unknown}
 w - a scroll of fear {unknown}
 y - a scroll of enchant weapon I {unknown}
 H - a scroll of blinking {unknown}
 I - a scroll of curse armour {unknown}
 L - 2 scrolls of curse jewellery {unknown}
Potions
 e - 5 potions of curing
 h - 2 potions of brilliance {unknown}
 l - a potion of resistance {unknown}
 m - a potion of heal wounds {unknown}
 n - a potion of restore abilities {unknown}
 z - 3 potions of poison {unknown}
 A - a potion of berserk rage {unknown}
 B - 3 potions of might {unknown}
 E - a potion of flight {unknown}
 G - a potion of confusion {unknown}
 J - a potion of agility {unknown}
Books
 d - a book of Changes

   Spells                             Type                      Level
   *Beastly Appendage                 Transmutation                1
   Sticks to Snakes                   Transmutation                2
   Spider Form                        Transmutation/Poison         3
   Ice Form                           Ice/Transmutation            4
   Blade Hands                        Transmutation                5


   Skills:
 - Level 1.1 Fighting
 - Level 1.7 Dodging
 + Level 11.4 Unarmed Combat
 - Level 2.0 Spellcasting
 - Level 2.0 Transmutations


You had 10 spell levels left.
You knew the following spells:

 Your Spells              Type           Power        Failure   Level  Hunger
a - Beastly Appendage     Trmt           #.....       12%         1    ##.....


Dungeon Overview and Level Annotations

Branches:
Dungeon (7/16)             Temple (1/1) D:6

Altars:
Ashenzari
Cheibriados
Fedhas
Nemelex Xobeh
Sif Muna
Trog
Vehumet
Xom
Zin

Shops:
D:6 *

Annotations:
D:7 Duvessa


Innate Abilities, Weirdness & Mutations

You can breathe waves of freezing cold.
You can buffet flying creatures when you breathe cold.
Your icy white scales are hard (AC +6).
Your body does not fit into most forms of armour.
Your cold-blooded metabolism reacts poorly to cold.
Your flesh is cold resistant.
You have a pair of horns on your head.


Message History

Duvessa hits you but does no damage.
You barely miss Duvessa.
Duvessa is lightly wounded.
Duvessa hits you with an elven cutlass!
You hit Duvessa.
Duvessa is lightly wounded.
Duvessa hits you with an elven cutlass.
You hit Duvessa.
You tail-slap Duvessa, but do no damage.
Duvessa is moderately wounded.
Your transformation is almost over.
Duvessa hits you with an elven cutlass! Duvessa barely misses you.
The kobold disappears!
There is an open door here.
Duvessa closely misses you. Duvessa hits you with an elven cutlass!
* * * LOW HITPOINT WARNING * * *
There is an open door, spattered with blood here.
Duvessa hits you with an elven cutlass!
You die...

#...#..........### #.#
###### #...#............#
#.#
.....###...#####'##.....#
#.# .....#.%...#
#.##.....# #.#
.....#.#.### #.##...[.#
#.# .......#.# #.########
#.# ####.###.#
###'######## #.# #.# #.#
#..e.......# #.# ##'###.#
#..@.......# #.#
#......#####..........#
#.#
#..........'..........#
#.#
#......#####..........#
#.# #.....####
#.#+######## #.#
#.....'..# #...# #.#
###.....##.# ###.# #.#
.##.....##.# #)# #.#
.#.....[##.# #.# #.#


You could see Duvessa (berserk).

Vanquished Creatures
  A deep elf fighter (D:6)
  Menkaure (D:4)
  An ice beast (D:7)
  A phantom (D:7)
  3 ogres
  A water moccasin (D:7)
  2 giant frogs
  4 crimson imps
  Dowan (D:7)
  2 hounds
  2 orc priests (D:3)
  An iguana (D:5)
  A jelly (D:7)
  A scorpion (D:5)
  3 worker ants
  3 orc wizards
  Jessica (D:2)
  An ogre skeleton (D:4)
  Terence (D:3)
  4 adders
  A gnoll (D:1)
  2 giant mites (D:2)
  4 worms
  An adder zombie (D:6)
  An adder skeleton (D:6)
  2 giant eyeballs
  6 giant geckos
  14 orcs
  15 bats
  2 giant cockroaches
  16 hobgoblins
  17 jackals
  7 kobolds
  3 quokkas
  2 ball pythons
  6 giant newts
  7 goblins
  A hobgoblin skeleton (D:5)
  A quokka skeleton (D:5)
  7 rats
150 creatures vanquished.

Notes
Turn   | Place    | Note
--------------------------------------------------------------
     0 | D:1      | Kae, the Draconian Transmuter, began the quest for the Orb.
     0 | D:1      | Reached XP level 1. HP: 16/16 MP: 3/3
   242 | D:1      | Reached XP level 2. HP: 17/23 MP: 4/4
   646 | D:1      | Reached skill level 4 in Unarmed Combat
   709 | D:1      | Reached XP level 3. HP: 25/28 MP: 6/6
  1189 | D:2      | Reached XP level 4. HP: 33/35 MP: 7/7
  1217 | D:2      | Noticed Jessica
  1237 | D:2      | Killed Jessica
  1237 | D:2      | Reached skill level 5 in Unarmed Combat
  2095 | D:3      | Reached XP level 5. HP: 36/40 MP: 9/9
  2363 | D:3      | Noticed Terence
  2379 | D:3      | Killed Terence
  2379 | D:3      | Reached skill level 6 in Unarmed Combat
  3114 | D:4      | Reached XP level 6. HP: 31/47 MP: 10/10
  3294 | D:4      | Noticed Menkaure
  3658 | D:4      | Killed Menkaure
  3658 | D:4      | Reached skill level 7 in Unarmed Combat
  3958 | D:5      | Entered Level 5 of the Dungeon
  4245 | D:5      | Found a glowing silver altar of Zin.
  4245 | D:5      | Found a sparkling altar of Nemelex Xobeh.
  4246 | D:5      | Found a shattered altar of Ashenzari.
  4528 | D:5      | Paralysed by a giant eyeball for 3 turns
  4651 | D:5      | Reached skill level 8 in Unarmed Combat
  4651 | D:5      | Your scales start taking on an icy white colour.
  4651 | D:5      | Gained mutation: Your flesh is cold resistant. [draconian maturity]
  4651 | D:5      | Reached XP level 7. HP: 37/52 MP: 10/12
  5053 | D:5      | Reached skill level 9 in Unarmed Combat
  5339 | D:6      | Found Wuqiacho's Assorted Antiques.
  5358 | D:6      | Bought a scroll labeled CEECEE PHATI for 30 gold pieces
  5358 | D:6      | Bought a scroll labeled ARUGGOCWEY for 30 gold pieces
  5358 | D:6      | Bought a purple potion for 27 gold pieces
  5358 | D:6      | Bought a white potion for 27 gold pieces
  5358 | D:6      | Bought 2 fizzy cyan potions for 54 gold pieces
  5358 | D:6      | Bought a gluggy pink potion for 27 gold pieces
  5431 | D:6      | Found a staircase to the Ecumenical Temple.
  5433 | D:6      | Paralysed by a giant eyeball for 2 turns
  5443 | Temple   | Entered the Ecumenical Temple
  5485 | Temple   | Became a worshipper of Sif Muna the Loreminder
  6184 | D:6      | Noticed a deep elf fighter
  6195 | D:6      | Killed a deep elf fighter
  6195 | D:6      | Reached skill level 10 in Unarmed Combat
  6195 | D:6      | Reached XP level 8. HP: 39/59 MP: 11/13
  7142 | D:7      | Noticed Duvessa
  7142 | D:7      | Noticed Dowan
  7184 | D:7      | Killed Dowan
  7184 | D:7      | Reached skill level 11 in Unarmed Combat
  7490 | D:7      | Slain by Duvessa

Action                   |  1- 3 |  4- 6 |  7- 9 || total
-------------------------+-------+-------+-------++-------
Melee: Unarmed           |   107 |   222 |   227 ||   556
 Cast: Beastly Appendage |     8 |    20 |    23 ||    51
  Use: Scroll            |       |     2 |       ||     2
       Potion            |       |     1 |       ||     1
 Stab: Sleeping          |       |     2 |     1 ||     3
